Map: Blackburn LE

Players

Pumba - Winner!

  • Race: Zerg Zerg
  • League: Master
  • Spawn Location: 7:00

HinaMisora

  • Race: Protoss Protoss
  • League: Master
  • Spawn Location: 5:00

VOD

Have the link to the VOD?

Description

Time

  • Played on: Sept. 21, 2021, 6:38 p.m.
  • Length: 17:59
Show
View Real Time Build Order
Export as new Build Order

Pumba Zerg - Winner!

Build Orders: Hatch First 

Get SALT Encoding   

  12  0:01  Drone  
  13  0:17  Drone, Overlord  
  15  0:35  Drone x2  
  16  0:52  Drone  
  16  0:56  Drone  
  18  1:00  Hatchery  
  17  1:06  Extractor  
  16  1:13  Spawning Pool  
  15  1:19  Drone  
  16  1:27  Drone  
  17  1:37  Drone  
  18  1:44  Drone  
  19  1:49  Overlord  
  19  2:02  Queen  
  19  2:04  Zergling x2  
  22  2:08  Metabolic Boost  
  22  2:13  Zergling x2  
  23  2:21  Drone x2  
  25  2:26  Queen  
  27  2:32  Overlord  
  27  2:33  Drone  
  27  2:36  Drone  
  29  2:38  Drone  
  30  2:47  Drone  
  31  3:00  Hatchery  
  31  3:03  Spore Crawler  
  29  3:08  Drone x3  
  32  3:14  Drone x2  
  34  3:20  Zergling x4  
  34  3:22  Drone  
  34  3:23  Drone  
  34  3:26  Spore Crawler  
  37  3:35  Overlord  
  37  3:36  Drone x3  
  37  3:40  Drone x2  
  42  3:43  Queen  
  44  3:54  Drone x5  
  49  4:04  Zergling x4  
  50  4:26  Overlord x3  
  50  4:30  Spore Crawler, Extractor x2  
  47  4:31  Drone  
  47  4:32  Drone x2  
  50  4:40  Overlord x2  
  50  4:44  Drone x3  
  53  4:47  Drone  
  53  4:52  Drone x5  
  58  4:53  Lair  
  58  4:55  Drone x5  
  58  4:56  Queen, Extractor  
  64  5:01  Queen  
  66  5:15  Zergling x6  
  66  5:17  Drone x3  
  66  5:20  Roach Warren  
  71  5:24  Drone x4  
  75  5:28  Extractor  
  75  5:35  Drone x4  
  77  5:45  Overlord x2  
  77  5:46  Overlord x3  
  77  6:00  Overseer  
  77  6:02  Glial Reconstitution  
  77  6:03  Hatchery  
  76  6:06  Queen  
  76  6:08  Extractor  
  76  6:09  Drone x3  
  80  6:21  Overlord  
  80  6:23  Drone x4  
  80  6:24  Drone x2, Spire  
  85  6:31  Queen  
  87  6:36  Extractor x2  
  87  6:38  Overlord x2  
  87  6:39  Overlord  
  86  6:40  Roach x7  
  86  6:47  Overseer  
  98  6:48  Drone  
  99  6:57  Drone x3  
  99  6:58  Drone x3  
  104  7:14  Overlord  
  104  7:19  Drone x2  
  104  7:20  Drone x2  
  104  7:21  Roach x7  
  122  7:41  Mutalisk x11  
  144  7:53  Overlord x6  
  144  7:54  Overlord  
  143  7:59  Evolution Chamber  
  143  8:00  Baneling Nest  
  143  8:05  Roach  
  141  8:13  Roach x6  
  141  8:14  Roach x4  
  141  8:19  Roach  
  158  8:20  Roach x4  
  158  8:26  Queen  
  160  8:32  Roach x7  
  170  8:45  Roach x6  
  178  9:01  Roach x9  
  188  9:12  Ravager  
  188  9:13  Ravager x2  
  188  9:15  Roach x8  
  197  9:20  Roach x2  
  195  9:34  Centrifugal Hooks, Zerg Missile Weapons Level 1  
  195  9:36  Overlord  
  195  9:38  Evolution Chamber  
  194  9:46  Hatchery  
  194  9:52  Queen x2  
  197  10:14  Zerg Melee Weapons Level 1  
  175  10:44  Roach x9  
  175  10:45  Roach x4  
  185  10:52  Roach x2  
  185  10:53  Roach x10  
  181  10:59  Roach x2  
  156  11:08  Roach x6  
  146  11:19  Roach x6  
  146  11:22  Roach x5  
  168  11:26  Overseer  
  168  11:29  Queen  
  168  11:30  Queen  
  168  11:31  Spore Crawler x2  
  170  11:33  Spore Crawler  
  170  11:34  Roach x5, Ravager x6  
  173  12:02  Spore Crawler  
  173  12:03  Spore Crawler  
  173  12:05  Hatchery  
  173  12:06  Spore Crawler  
  173  12:07  Spore Crawler, Queen  
  173  12:08  Queen  
  114  12:51  Zerg Missile Weapons Level 2  
  114  12:54  Zerg Melee Weapons Level 2  
  114  12:55  Zergling x16  
  114  12:56  Zergling x8  
  114  12:57  Roach x11  
  114  12:58  Roach x3  
  118  13:06  Hatchery  
  117  13:13  Spore Crawler  
  117  13:14  Drone x8  
  117  13:16  Drone x5  
  129  13:25  Ravager  
  129  13:26  Baneling x13  
  129  13:27  Baneling x3  
  130  13:29  Roach  
  133  13:43  Baneling x7, Hatchery  
  121  13:59  Overseer  
  121  14:02  Spore Crawler  
  116  14:07  Zergling x8, Roach x3  
  116  14:08  Roach x4  
  115  14:16  Roach x3  
  119  14:30  Overlord  
  119  14:31  Zergling x8  
  119  14:33  Baneling x8  
  119  14:37  Hatchery x2  
  121  14:44  Drone x3  
  124  14:45  Queen  
  124  14:46  Queen  
  124  14:47  Queen  
  124  14:49  Drone x3  
  133  14:53  Roach x2  
  133  14:57  Spore Crawler  
  136  15:18  Hatchery  
  136  15:20  Zergling x14  
  142  15:22  Roach  
  144  15:34  Zergling x8  
  146  15:39  Zerg Ground Armor Level 1  
  146  15:41  Infestation Pit  
  146  15:42  Baneling x2  
  143  15:43  Baneling x6  
  143  15:44  Zergling x6  
  146  15:52  Zerg Flyer Weapons Level 1  
  146  15:55  Drone  
  146  15:56  Drone x3  
  148  16:01  Overlord  
  148  16:02  Overseer  
  140  16:16  Zergling x12  
  125  16:26  Drone x4  
  125  16:28  Drone x4  
  125  16:30  Drone  
  132  16:38  Zergling x12  
  125  16:43  Zergling x6  
  125  16:44  Hydralisk Den, Baneling x10  
  127  16:48  Roach  
  127  16:51  Roach x3  
  135  16:56  Roach x6  
  148  17:08  Zergling x6  
  148  17:10  Baneling x7  
  148  17:11  Baneling x7  
  148  17:18  Queen  
  143  17:26  Zergling x4, Roach  
  143  17:27  Roach x10  
  156  17:30  Zergling x14  
  156  17:31  Zergling x8  
  156  17:33  Spore Crawler  
  156  17:34  Spore Crawler  
  156  17:35  Spore Crawler x2  
  163  17:38  Spore Crawler  
  163  17:40  Spore Crawler  
Show
View Real Time Build Order
Export as new Build Order

HinaMisora Protoss 

Build Orders: 1 Gate Expand 

Get SALT Encoding   

  12  0:00  Probe  
  13  0:12  Probe  
  14  0:18  Pylon  
  14  0:24  Probe  
  15  0:36  Probe (Chrono Boost)  
  15  0:39  Gateway  
  16  0:45  Assimilator  
  16  0:51  Probe (Chrono Boost)  
  16  0:56  Probe (Chrono Boost)  
  17  1:01  Pylon  
  18  1:08  Probe  
  18  1:20  Probe  
  19  1:32  Nexus  
  19  1:42  Cybernetics Core  
  19  1:47  Assimilator  
  19  1:50  Probe  
  20  1:58  Pylon  
  20  2:02  Probe  
  21  2:14  Probe  
  22  2:15  Adept (Chrono Boost)  
  22  2:19  Warp Gate  
  24  2:26  Probe  
  25  2:38  Stargate  
  25  2:40  Adept (Chrono Boost)  
  25  2:42  Probe (Chrono Boost)  
  25  2:44  Probe (Chrono Boost)  
  30  2:53  Probe (Chrono Boost)  
  30  2:55  Probe (Chrono Boost)  
  31  2:58  Probe (Chrono Boost)  
  31  3:03  Probe  
  32  3:14  Probe  
  33  3:23  Void Ray (Chrono Boost)  
  37  3:36  Nexus  
  35  3:44  Probe (Chrono Boost)  
  35  3:47  Probe (Chrono Boost)  
  37  3:50  Gateway  
  38  3:56  Probe (Chrono Boost)  
  38  4:01  Probe (Chrono Boost)  
  38  4:02  Probe (Chrono Boost)  
  39  4:08  Void Ray (Chrono Boost)  
  44  4:10  Adept  
  44  4:16  Pylon  
  46  4:34  Shield Battery, Probe x2  
  48  4:40  Void Ray (Chrono Boost)  
  48  4:43  Assimilator  
  48  4:44  Assimilator  
  52  4:48  Probe x2 (Chrono Boost)  
  52  4:52  Probe (Chrono Boost)  
  54  4:57  Twilight Council  
  54  4:58  Robotics Facility  
  56  5:03  Probe x2 (Chrono Boost)  
  56  5:04  Probe (Chrono Boost)  
  56  5:06  Forge  
  57  5:10  Probe (Chrono Boost)  
  60  5:14  Pylon  
  60  5:16  Probe (Chrono Boost)  
  60  5:18  Probe (Chrono Boost)  
  60  5:20  Probe (Chrono Boost)  
  61  5:24  Probe x2 (Chrono Boost)  
  61  5:25  Probe (Chrono Boost)  
  61  5:26  Pylon  
  64  5:34  Probe  
  65  5:36  Probe  
  65  5:37  Probe  
  65  5:39  Protoss Ground Weapons Level 1 (Chrono Boost)  
  67  5:44  Shield Battery  
  67  5:46  Probe  
  67  5:48  Probe  
  66  5:50  Observer  
  66  5:52  Charge (Chrono Boost)  
  66  6:00  Gateway  
  66  6:01  Gateway  
  66  6:02  Gateway x2  
  66  6:06  Sentry  
  66  6:07  Sentry  
  66  6:08  Probe x3  
  73  6:12  Immortal (Chrono Boost)  
  77  6:20  Probe x2  
  77  6:22  Probe, Pylon  
  80  6:31  Pylon  
  80  6:32  Probe x2  
  82  6:34  Pylon  
  82  6:38  Zealot, Probe  
  85  6:41  Zealot  
  85  6:42  Photon Cannon  
  85  6:45  Photon Cannon  
  85  6:46  Probe  
  88  6:50  Probe  
  88  6:53  Immortal  
  93  7:01  Probe  
  94  7:02  Zealot x2, Sentry  
  94  7:03  Sentry  
  94  7:05  Assimilator  
  94  7:06  Assimilator  
  94  7:08  Templar Archives  
  102  7:14  Probe  
  103  7:16  Probe  
  104  7:27  Zealot x2  
  108  7:31  Pylon  
  108  7:32  Pylon  
  108  7:34  Protoss Ground Weapons Level 2 (Chrono Boost)  
  108  7:40  Nexus  
  108  7:41  Pylon  
  107  7:46  Void Ray (Chrono Boost), Gateway  
  107  7:50  Zealot x2, Gateway  
  107  7:51  Pylon  
  115  7:58  Robotics Facility  
  115  8:01  Probe  
  115  8:05  Zealot x4  
  122  8:07  Probe x2  
  126  8:16  Zealot x2  
  126  8:19  Probe  
  131  8:21  Void Ray (Chrono Boost)  
  135  8:36  Stalker x2  
  135  8:40  Shield Battery x2  
  133  8:45  Stalker  
  133  8:46  Stalker  
  133  8:48  Stalker x2  
  135  8:51  Phoenix (Chrono Boost)  
  121  9:10  Phoenix (Chrono Boost)  
  121  9:11  Probe  
  121  9:13  Immortal (Chrono Boost)  
  121  9:16  Photon Cannon  
  112  9:20  Shield Battery  
  112  9:21  Stalker x2  
  100  9:27  High Templar x4  
  100  9:28  Probe x2  
  99  9:31  Phoenix (Chrono Boost)  
  101  9:39  Archon  
  101  9:40  Archon  
  101  9:41  Probe  
  102  9:47  Zealot x3  
  102  9:48  Stalker  
  110  9:54  Photon Cannon  
  110  9:57  Phoenix (Chrono Boost)  
  112  10:06  High Templar  
  106  10:07  Zealot x2  
  106  10:13  Probe  
  111  10:22  Photon Cannon  
  111  10:23  Zealot x3  
  111  10:26  Sentry  
  111  10:27  Shield Battery  
  119  10:30  Zealot x3  
  111  10:40  Zealot  
  94  10:48  Probe (Chrono Boost)  
  93  10:50  Stalker x2  
  93  10:51  Stalker x2  
  93  10:52  Probe (Chrono Boost)  
  92  10:58  Probe (Chrono Boost)  
  92  10:59  Probe (Chrono Boost)  
  92  11:02  Probe (Chrono Boost)  
  88  11:07  Probe (Chrono Boost)  
  88  11:09  Probe (Chrono Boost)  
  84  11:15  Probe (Chrono Boost)  
  85  11:19  Probe (Chrono Boost)  
  85  11:21  Probe (Chrono Boost)  
  85  11:24  Void Ray (Chrono Boost)  
  87  11:30  Probe (Chrono Boost)  
  92  11:32  Probe (Chrono Boost)  
  92  11:34  Probe (Chrono Boost)  
  92  11:36  Probe  
  92  11:38  Pylon  
  95  11:45  Probe  
  96  11:48  Stargate  
  96  11:53  Probe  
  95  11:56  Zealot x2  
  99  12:03  Probe  
  100  12:12  Zealot x2  
  93  12:18  Sentry x2  
  89  12:27  Zealot x3  
  93  12:35  Zealot  
  95  12:40  Void Ray (Chrono Boost)  
  96  12:44  Void Ray (Chrono Boost)  
  96  12:46  Probe (Chrono Boost)  
  96  12:47  Zealot  
  96  12:50  Probe (Chrono Boost)  
  96  12:55  Probe (Chrono Boost)  
  95  12:58  Probe (Chrono Boost)  
  95  13:00  Probe  
  92  13:09  Probe  
  92  13:12  Probe  
  94  13:17  Nexus  
  94  13:18  Pylon  
  94  13:22  Zealot x2, High Templar x2  
  100  13:44  Nexus  
  96  13:53  Zealot x4  
  94  14:07  Pylon  
  94  14:08  Zealot x2  
  94  14:09  Probe (Chrono Boost)  
  85  14:18  Probe (Chrono Boost)  
  85  14:20  Probe (Chrono Boost)  
  86  14:28  Shield Battery  
  86  14:29  Void Ray x2, Probe  
  86  14:30  Probe  
  92  14:35  Probe  
  93  14:41  Gateway  
  93  14:52  Probe x2  
  95  14:55  Probe  
  95  14:57  Pylon  
  95  14:59  Psionic Storm  
  96  15:00  Probe  
  96  15:04  Probe  
  98  15:13  High Templar  
  101  15:15  Probe (Chrono Boost)  
  101  15:17  Probe (Chrono Boost)  
  104  15:22  Probe x2 (Chrono Boost)  
  104  15:26  Probe (Chrono Boost)  
  104  15:28  Probe (Chrono Boost)  
  102  15:31  Probe x2 (Chrono Boost)  
  102  15:35  Gateway  
  93  15:36  Probe (Chrono Boost)  
  90  15:44  Probe (Chrono Boost)  
  90  15:46  Probe (Chrono Boost), High Templar  
  90  15:47  Probe x2 (Chrono Boost)  
  93  15:52  Probe (Chrono Boost)  
  93  15:53  Probe (Chrono Boost)  
  90  16:08  Zealot x3  
  87  16:15  High Templar  
  87  16:16  Zealot x2  
  83  16:27  Probe (Chrono Boost)  
  86  16:33  Probe x2 (Chrono Boost)  
  86  16:37  Probe (Chrono Boost)  
  89  16:41  Probe x2 (Chrono Boost)  
  89  16:42  Probe (Chrono Boost)  
  90  16:51  Probe (Chrono Boost)  
  90  16:53  Zealot x4  
  100  16:57  Probe (Chrono Boost)  
  101  17:01  Probe (Chrono Boost)  
  101  17:02  Assimilator x2  
  85  17:29  Zealot x3, High Templar  
  81  17:30  Zealot x5  
Tags
 
Add a new tag
Caveats
  • Supply blocks, unpowered buildings, or Contaminate may cause inaccurate times.
  • Supply counts are checked every 10 seconds.